 Dungeon Crawl Stone Soup version 0.19.1 (webtiles) character file.

484 GordonOverkill the Chopper (level 6, -12/48 HPs)
             Began as a Mummy Berserker on Dec 1, 2016.
             Was a Believer of Trog.
             Mangled by an ogre
             ... wielding a +0 giant club
              (20 damage)
             ... on level 4 of the Dungeon.
             The game lasted 00:06:48 (5202 turns).

GordonOverkill the Chopper (Mummy Berserker)        Turns: 5202, Time: 00:06:48

Health: -12/48     AC: 13    Str: 20    XL:     6   Next: 88%
Magic:  6/6        EV:  6    Int:  7    God:    Trog [**....]
Gold:   141        SH:  0    Dex: 13    Spells: 0 memorised, 5 levels left

rFire  x . .     SeeInvis .     a - +1 hand axe
rCold  + . .     Gourm    .     b - +0 plate armour
rNeg   + + +     Faith    .     (no shield)
rPois  ∞         Spirit   .     (no helmet)
rElec  .         Reflect  .     (no cloak)
rCorr  .         Harm     .     (no gloves)
MR     .....                    d - +1 pair of boots
Stlth  ..........               (no amulet)
                                (no ring)
                                (no ring)

@: no status effects
A: no food or potions, fire vulnerability, cold resistance 1, negative energy
resistance 3, torment resistance, unbreathing
a: Trog's Hand, Burn Spellbooks, Renounce Religion


You were on level 4 of the Dungeon.
You worshipped Trog.
Trog was pleased with you.
You were not hungry.

You visited 2 branches of the dungeon, and saw 6 of its levels.

You collected 141 gold pieces.

Inventory:

Hand Weapons
 a - a +1 hand axe (weapon)
Armour
 b - a +0 plate armour (worn)
 d - a +1 pair of boots (worn)
Scrolls
 f - a scroll of teleportation
 i - a scroll of fear


   Skills:
 + Level 3.7 Fighting
 * Level 5.6 Axes
 + Level 3.0 Armour
 - Level 1.5 Dodging
 + Level 0.3 Stealth


You had 5 spell levels left.
You didn't know any spells.

Dungeon Overview and Level Annotations

Branches:
Dungeon (5/15)             Temple (1/1) D:4

Altars:
Ashenzari
Dithmenos
Hepliaklqana
Nemelex Xobeh
Okawaru
Ru
Trog
Uskayaw
Xom
Zin
The Shining One


Innate Abilities, Weirdness & Mutations

You do not eat or drink.
Your flesh is vulnerable to fire.
You are immune to poison.
Your flesh is cold resistant. (rC+)
You are immune to negative energy. (rN+++)
You are immune to unholy pain and torment.
You can survive without breathing.


Message History

You hit the ogre but do no damage.
The ogre is moderately wounded.
The ogre hits you with a giant club!
You hit the ogre.
The ogre is heavily wounded.
The ogre hits you with a giant club!
You are too injured to fight recklessly!
You are too injured to fight recklessly!
You are too injured to fight recklessly!
You are too injured to fight recklessly!
You completely miss the ogre.
The ogre is heavily wounded.
The ogre hits you with a giant club!
* * * LOW HITPOINT WARNING * * *
You hit the ogre.
The ogre is heavily wounded.
You hit the ogre.
The ogre is severely wounded.
The ogre hits you with a giant club!!
You die...

....#)##.....###.......####.# ##
....#.##.##.............##..### #
....#.#..##%........###.......###
........##...##..#.#######.##..##
....#..[.....................#...
..!...#...........###..###.#.....
(...#..###.>.........!...........
....##.........#####......#######
#############..O@................
#.#####.####..####### #..# #.#
##>....### ##.## #.# #####...#
#..###.## ###.. ##......# ##.
#......# ## ##.....# # #######


You could see an ogre.

Vanquished Creatures
  An ogre (D:3)
  2 scorpions
  2 jellies (D:5)
  An orc wizard (D:5)
  2 iguanas (D:5)
  3 worker ants
  5 adders
  An adder skeleton (D:4)
  A worm (D:5)
  3 leopard geckos (D:3)
  3 orcs (D:5)
  4 giant cockroaches
  5 goblins
  3 hobgoblins
  2 quokkas (D:4)
  A ball python skeleton (D:4)
  3 bats
  5 frilled lizards
  3 kobolds
  A quokka zombie (D:5)
  3 rats (D:2)
54 creatures vanquished.

Notes
Turn   | Place    | Note
-------+----------+-------------------------------------------
     0 | D:1      | GordonOverkill the Mummy Berserker began the quest for the Orb.
     0 | D:1      | Reached XP level 1. HP: 18/18 MP: 1/1
   884 | D:2      | Reached XP level 2. HP: 24/24 MP: 2/2
  1081 | D:2      | Found a sacrificial altar of Ru.
  1279 | D:2      | Reached skill level 3 in Axes
  1470 | D:2      | Reached XP level 3. HP: 19/29 MP: 3/3
  2033 | D:3      | Found a bloodstained altar of Trog.
  2247 | D:3      | Found a hide-covered altar of Uskayaw.
  2367 | D:3      | Noticed an ogre
  2377 | D:3      | Killed an ogre
  2377 | D:3      | Reached skill level 4 in Axes
  2377 | D:3      | Reached XP level 4. HP: 24/35 MP: 4/4
  2874 | D:3      | Reached ** piety under Trog
  2961 | D:4      | Reached XP level 5. HP: 41/41 MP: 5/5
  3167 | D:4      | Found a staircase to the Ecumenical Temple.
  3183 | Temple   | Entered the Ecumenical Temple
  3721 | D:5      | Entered Level 5 of the Dungeon
  3751 | D:5      | Found an iron altar of Okawaru.
  3763 | D:5      | Reached skill level 5 in Axes
  3763 | D:5      | Reached XP level 6. HP: 13/47 MP: 6/6
  4664 | D:5      | Found a sparkling altar of Nemelex Xobeh.
  5202 | D:4      | Mangled by an ogre

Skill      XL: |  1  2  3  4  5  6 |
---------------+-------------------+-----
Axes           | 3 4 5 |  5.6
Armour         | 2 3 |  3.0
Fighting       | |  3.7
Dodging        | |  1.5
Stealth        | |  0.3

Action                   |  1- 3 |  4- 6 || total
-------------------------+-------+-------++-------
Melee: Hand axe          |   111 |   216 ||   327
Invok: Burn Spellbooks   |       |     2 ||     2
  Use: Scroll            |     3 |     7 ||    10
Armor: Chain mail        |     7 |       ||     7
       Animal skin       |     1 |       ||     1
       Plate armour      |    71 |   143 ||   214
Dodge: Dodged            |    43 |    60 ||   103
